 Dungeon Crawl Stone Soup version 0.30-a0-137-gd8773701ce (webtiles) character file.

Game seed: 1592863008700900020

4284 melkoren the Cleaver (level 10, -7/91 HPs)
             Began as a Minotaur Berserker on Sept 24, 2022.
             Was an Elder of Trog.
             Mangled by Harold
             ... wielding a +0 battleaxe
              (14 damage)
             ... on level 9 of the Dungeon.
             The game lasted 00:21:34 (9814 turns).

melkoren the Cleaver (Minotaur Berserker)           Turns: 9814, Time: 00:21:35

Health: -7/91      AC: 15    Str: 22    XL:     10   Next: 10%
Magic:  0/18       EV: 11    Int:  4    God:    Trog [****..]
Gold:   481        SH:  0    Dex: 14    Spells: 9/9 levels left

rFire   . . .      SeeInvis .    y - +2 war axe (elec)
rCold   . . .      Faith    .    (no shield)
rNeg    . . .      Spirit   +    F - +1 chain mail
rPois   .          Reflect  .    (helmet restricted)
rElec   .          Harm     .    Y - +2 cloak
rCorr   .          Rampage  .    (no gloves)
Will    +....                    (no boots)
Stlth   ..........               G - amulet of guardian spirit
HPRegen 0.25/turn                o - ring of willpower
MPRegen 0.16/turn                W - ring of magical power

@: marked, on berserk cooldown, slowed, very slow
A: horns 2, retaliatory headbutt, screaming 1, MP-powered wands
a: Renounce Religion, Berserk, Trog's Hand, Brothers in Arms


You were on level 9 of the Dungeon.
You worshipped Trog.
Trog was greatly pleased with you.
You visited 1 branch of the dungeon, and saw 9 of its levels.
You also visited: Sewer.

You collected 481 gold pieces.


Innate Abilities, Weirdness & Mutations

You have a pair of horns on your head.
You reflexively headbutt those who attack you in melee.
You occasionally shout uncontrollably at your foes.
You expend magic power (3 MP) to strengthen your wands.


   Skills:
 + Level 9.6 Fighting
 + Level 9.6 Axes
 + Level 9.1 Armour
 + Level 8.3 Dodging


You had 9 spell levels left.
You didn't know any spells.
Your spell library contained the following spells:

 Spells                   Type           Power      Damage    Failure   Level
 Apportation              Tloc           0%         N/A       98%         1
 Magic Dart               Conj           0%         1d3       98%         1
 Necrotise                Necr           0%         1d4       98%         1
 Summon Small Mammal      Summ           0%         N/A       98%         1
 Call Imp                 Summ           0%         N/A       99%         2
 Static Discharge         Conj/Air       0%         2-2/arc   99%         2
 Mephitic Cloud           Conj/Pois/Air  0%         N/A       100%        3
 Vampiric Draining        Necr           0%         2d6       100%        3
 Agony                    Necr           0%         N/A       100%        5
 Arcjolt                  Conj/Air       0%         1d10      100%        5
 Lightning Bolt           Conj/Air       0%         1d11      100%        5
 Maxwell's Capacitive Co  Air            0%         ∞         100%        8

Inventory:

Hand Weapons
 a - a +0 hand axe
 w - a +4 hand axe
   (You took it off an orc priest on level 3 of the Dungeon)
 y - a +2 war axe of electrocution (weapon)
   (You found it on level 3 of the Dungeon)
 C - a +2 sling of freezing
   (You found it on level 7 of the Dungeon)
Missiles
 b - 42 poisoned darts
 d - 76 stones (quivered)
 l - 2 silver javelins
 q - 9 curare-tipped darts {=f}
 x - 7 datura-tipped darts
 D - 3 throwing nets {=f!f}
 I - 5 boomerangs
Armour
 f - a +0 leather armour of poison resistance
   (You found it on level 1 of the Dungeon)
 n - a +0 leather armour
   (You took it off an orc on level 9 of the Dungeon)
 t - a +0 chain mail
   (You found it on level 8 of the Dungeon)
 z - a +0 scale mail
   (You took it off an orc on level 9 of the Dungeon)
 A - a +0 robe
   (You took it off an orc wizard on level 9 of the Dungeon)
 B - +0 steam dragon scales
   (You found it on level 7 of the Dungeon)
 E - +0 acid dragon scales
   (You took it off Maggie on level 7 of the Dungeon)
 F - a +1 chain mail (worn)
   (You took it off an orc on level 5 of the Dungeon)
 Y - a +2 cloak (worn)
   (You found it on level 8 of the Dungeon)
Jewellery
 o - a ring of willpower (left hand)
   (You found it on level 2 of the Dungeon)
 G - an amulet of guardian spirit (around neck)
   (You found it on level 2 of the Dungeon)
 O - a +4 ring of protection
   (You found it on level 6 of the Dungeon)
 R - a ring of resist corrosion
   (You found it on level 8 of the Dungeon)
 W - a ring of magical power (right hand)
   (You found it on level 5 of the Dungeon)
Wands
 m - a wand of roots (3)
   (You found it on level 5 of the Dungeon)
Scrolls
 c - a scroll of enchant weapon {unknown}
 e - 12 scrolls of identify {@r1}
 i - 3 scrolls of poison {!r}
 k - 2 scrolls of teleportation {@r4}
 s - 2 scrolls of magic mapping {!r}
 v - a scroll of immolation {unknown}
 L - a scroll of butterflies
 N - a scroll of amnesia {unknown}
Potions
 g - a potion of brilliance
 h - 6 potions of haste {@q3}
 j - 5 potions of curing {@q1}
 p - 3 potions of mutation {!q}
 r - a potion of attraction {unknown}
 u - a potion of lignification {unknown}
 H - a potion of might

Dungeon Overview and Level Annotations

Branches:
Dungeon (9/15) Zot: 26627  Temple (0/1) D:7           Sewer (visited)
   Lair: D:8-11         Orc: D:9-12

Altars:
Ashenzari
Fedhas
Nemelex Xobeh
Qazlal
Ru
Sif Muna
Wu Jian
Xom
Yredelemnul
Zin
The Shining One

Annotations:
D:9 Harold

#. ..###.. ....... ..
...$... #..) .......##
..# ......o.#####.#
......?.)##...#
#>...@@.."=#
.#....o....##
........†...## ######
##..######...####....#.
## ##...#........
##.......# #.......#
#.......######
#...###.......#


You could see Harold, an orc wizard and an orc.


Message History

Trog accepts your kill. 😕 HP[-5] MP[-1]
You take 5 damage, and now have 86/91 hp.
You lost 1 mp, and now have 17/18 mp.
Harold the Weathered comes into view.
He is wielding a +0 battleaxe.
Harold shouts!
You hear a shout! x2
Harold says, "Bounty hunting has been great, but I can't wait to retire."
Harold gestures at you while chanting.
You barely resist.
You see here a wyvern corpse.
The wyvern bites you but does no damage. 😕 HP[+1]
You barely miss the wyvern. The wyvern bites you.
Harold gestures at you while chanting.
You barely resist. 😕 HP[-4] MP[-1]
You take 4 damage, and now have 83/91 hp.
You lost 1 mp, and now have 16/18 mp.
The wyvern bites you! Harold fires a harpoon shot at you.
The harpoon shot misses you. The wyvern misses you. You furiously retaliate!
You headbutt the wyvern! 😕 HP[-9] MP[-1]
You take 9 damage, and now have 74/91 hp.
You lost 1 mp, and now have 15/18 mp.
The wyvern bites you! 😮 HP[-7] MP[-2]
You take 7 damage, and now have 67/91 hp.
You lost 2 mp, and now have 13/18 mp.
You hit the wyvern.
You headbutt the wyvern, but do no damage.
The wyvern bites you but does no damage.
The wyvern closely misses you. You furiously retaliate!
You headbutt the wyvern. 😮 HP[+1] MP[+1]
You slash the wyvern!
You headbutt the wyvern, but do no damage.
The wyvern bites you but does no damage.
You hit the wyvern. You headbutt the wyvern.
You kill the wyvern!
Trog accepts your kill.
An orc comes into view. It is wielding a +0 whip.
Harold points at you and mumbles some strange words.
A sentinel's mark forms upon you.
The orc shouts!
You hear a shout!
An orc warrior comes into view. It is wielding a +0 war axe.
You yell at the orc warrior!
A red film seems to cover your vision as you go berserk!
You feel yourself moving faster!
You feel mighty!
Harold says, "I was hoping my final job would be more of a challenge, but money is money."
Harold throws a throwing net.
The throwing net hits you.
You become entangled in the net! 😕 HP[+35]
You now have 136 max hp (+45).
You regained 35 hp, and now have 103/136 hp.
You struggle against the net.
You feel a strong urge to attack something.
An orc wizard comes into view. It is wielding a +0 dagger.
You struggle against the net.
You struggle against the net.
You feel your anger nearly subside.
You are no longer berserk.
You are exhausted.
You feel yourself slow down.
Harold hits you with a +0 battleaxe! 😮 HP[-43] MP[-1]
You now have 91 max hp (-45).
You lost 1 mp, and now have 13/18 mp.
You struggle against the net.
Harold hits you with a +0 battleaxe!
An orc comes into view. It is wielding a +0 club.
Harold hits you with a +0 battleaxe!!
* * * LOW HITPOINT WARNING * * *
😨 HP[-26] MP[-6]
You take 26 damage, and now have 34/91 hp.
MASSIVE DAMAGE!! (PAUSE)
You lost 6 mp, and now have 7/18 mp.
You shred the net and break free! The orc hits you but does no damage.
Harold hits you but does no damage. 😨 HP[+1]
You barely miss Harold. Your headbutt misses Harold.
You hit the orc warrior but do no damage.
Lightning courses through the orc warrior!
You completely miss the orc. Harold hits you with a +0 battleaxe!!
* * * LOW HITPOINT WARNING * * *
The orc closely misses you. You furiously retaliate!
You headbutt the orc!
You kill the orc!
Trog accepts your kill.
The orc warrior hits you with a +0 war axe.
* * * LOW HITPOINT WARNING * * *
Harold hits you with a +0 battleaxe!
* * * LOW HITPOINT WARNING * * *
😱 HP[-29] MP[-6]
You take 29 damage, and now have 6/91 hp.
MASSIVE DAMAGE!! (PAUSE)
You lost 6 mp, and now have 1/18 mp.
You hit Harold. You headbutt Harold! You slash the orc warrior!
Lightning courses through the orc warrior!
You kill the orc warrior!
Trog accepts your kill. Harold hits you with a +0 battleaxe!
You die...

Skill      XL: |  1  2  3  4  5  6  7  8  9 |
---------------+----------------------------+-----
Fighting       | 4 5 6 8 9 |  9.6
Axes           | 4 5 6 8 9 |  9.6
Armour         | 3 4 5 7 9 |  9.1
Dodging        | 3 4 5 6 8 |  8.3

Action                   |  1- 3 |  4- 6 |  7- 9 | 10-12 || total
-------------------------+-------+-------+-------+-------++-------
Melee: Hand axe          |   104 |    71 |       |       ||   175
       Headbutt          |    14 |    17 |    33 |     5 ||    69
       Punch             |       |     2 |       |       ||     2
       War axe           |       |    23 |   202 |    12 ||   237
Invok: Berserk           |     2 |     1 |     4 |     1 ||     8
  Use: Scroll            |     6 |       |     2 |       ||     8
       Potion            |     1 |       |     9 |       ||    10
 Stab: Sleeping          |     1 |       |       |       ||     1
       Paralysed         |       |       |     1 |       ||     1
Armor: Animal skin       |     1 |       |       |       ||     1
       Leather armour    |    22 |    18 |     5 |       ||    45
       Chain mail        |       |       |   103 |     5 ||   108
Dodge: Dodged            |    63 |    61 |   141 |     7 ||   272

Levels and vault maps discovered:
D:1:      spicycebolla_arrival_xxxplode, layout_basic,
          chequers_ecumenical_altar_simple, nicolae_figureground_pulse
D:2:      minmay_chambers_of_ones, layout_basic
D:3:      layout_loops_ring, gup_sewer_entry_bowl, minivault_25,
          minmay_misc_feat_tower
D:4:      layout_basic
D:5:      layout_loops_ring, nicolae_overflow_hidden_temple,
          nicolae_ru_great_annihilating_truth
D:6:      layout_cave_pools, serial_bayou_pond_e, uniq_edmund
D:7:      layout_basic, grunt_temple_overflow_open,
          mainiacjoe_overflow_concentric_impassable,
          minmay_temple_entry_drinking_statues, enter_bailey_3,
          nrook_mini_backslash, uniq_maggie
D:8:      layout_basic, general_overflow_altar
D:9:      layout_layer_cave, kennysheep_flooded_box, minmay_fractal_squares_5,
          uniq_grum, uniq_harold

Notes
Turn   | Place    | Note
-------+----------+-------------------------------------------
     0 | D:1      | melkoren the Minotaur Berserker began the quest for the
                  | Orb.
     0 | D:1      | Reached XP level 1. HP: 19/19 MP: 0/0
     0 | D:1      | magus.rc [v1.11.3]
   453 | D:1      | Found a faded altar of an unknown god.
   509 | D:1      | Reached XP level 2. HP: 27/27 MP: 1/1
  1294 | D:2      | Reached skill level 4 in Fighting
  1329 | D:2      | Reached skill level 4 in Axes
  1557 | D:2      | Reached skill level 3 in Armour
  1610 | D:2      | Reached XP level 3. HP: 27/33 MP: 2/2
  2625 | D:3      | Reached skill level 3 in Dodging
  2627 | D:3      | HP: 8/33 [orc priest/divine providence (9)]
  2643 | D:3      | HP: 6/49 [adder (2)]
  2928 | D:3      | Reached XP level 4. HP: 40/40 MP: 3/3
  2933 | D:3      | Found a glowing drain.
  2938 | Sewer    | Entered a sewer
  3042 | Sewer    | Noticed a kobold brigand
  3042 | Sewer    | Noticed a kobold brigand
  3050 | Sewer    | Killed a kobold brigand
  3051 | Sewer    | Killed a kobold brigand
  3052 | Sewer    | Reached skill level 4 in Armour
  3052 | Sewer    | Reached XP level 5. HP: 47/47 MP: 2/4
  3122 | Sewer    | Reached ** piety under Trog
  3259 | Sewer    | Reached skill level 5 in Fighting
  3259 | Sewer    | Reached skill level 5 in Axes
  3259 | Sewer    | Reached skill level 4 in Dodging
  3259 | Sewer    | Reached XP level 6. HP: 35/56 MP: 2/5
  4612 | D:4      | Reached skill level 5 in Armour
  4612 | D:4      | Reached XP level 7. HP: 53/62 MP: 6/6
  4774 | D:4      | Reached *** piety under Trog
  5370 | D:4      | Gained mutation: You expend magic power (3 MP) to
                  | strengthen your wands. [potion of mutation]
  5370 | D:4      | Gained mutation: You occasionally shout uncontrollably at
                  | your foes. [potion of mutation]
  5395 | D:5      | Entered Level 5 of the Dungeon
  5568 | D:5      | Reached skill level 6 in Fighting
  5568 | D:5      | Reached skill level 6 in Axes
  5574 | D:5      | Reached skill level 5 in Dodging
  6088 | D:5      | Found a sacrificial altar of Ru.
  6094 | D:5      | Reached XP level 8. HP: 71/71 MP: 7/7
  6096 | D:5      | Reached skill level 6 in Armour
  6147 | D:5      | Found a basalt altar of Yredelemnul.
  6148 | D:5      | Found a shimmering altar of Xom.
  7022 | D:6      | Reached skill level 7 in Fighting
  7022 | D:6      | Reached skill level 7 in Axes
  7096 | D:6      | Noticed Edmund
  7106 | D:6      | Killed Edmund
  7107 | D:6      | Reached skill level 6 in Dodging
  7201 | D:6      | You pick up a book of Necromancy {forbidden} and begin
                  | reading...
  7201 | D:6      | You add the spells Necrotise, Vampiric Draining and Agony
                  | to your library.
  7212 | D:6      | You pick up a book of Cantrips {forbidden} and begin
                  | reading...
  7212 | D:6      | You add the spells Summon Small Mammal and Apportation to
                  | your library.
  7556 | D:7      | Reached skill level 7 in Armour
  7628 | D:7      | Reached **** piety under Trog
  7817 | D:7      | Found a staircase to the Ecumenical Temple.
  7993 | D:7      | Found a blossoming altar of Fedhas.
  7994 | D:7      | Found an ornate altar of the Wu Jian Council.
  7994 | D:7      | Noticed Maggie
  8012 | D:7      | Killed Maggie
  8013 | D:7      | Reached skill level 8 in Fighting
  8013 | D:7      | Reached skill level 8 in Axes
  8013 | D:7      | Reached XP level 9. HP: 56/81 MP: 7/8
  8192 | D:7      | Found a sparkling altar of Nemelex Xobeh.
  8192 | D:7      | Found a glowing golden altar of the Shining One.
  8196 | D:7      | You pick up a book of Minor Magic {forbidden} and begin
                  | reading...
  8196 | D:7      | You add the spells Magic Dart, Call Imp and Mephitic Cloud
                  | to your library.
  8213 | D:7      | Found a glowing silver altar of Zin.
  8214 | D:7      | Found a broken altar of Ashenzari.
  8234 | D:7      | Found a stormy altar of Qazlal.
  8351 | D:7      | Reached skill level 7 in Dodging
  8624 | D:8      | Reached skill level 8 in Armour
  8712 | D:8      | You pick up a book of Lightning {forbidden} and begin
                  | reading...
  8712 | D:8      | You add the spells Static Discharge, Lightning Bolt,
                  | Arcjolt and Maxwell's Capacitive Coupling to your library.
  8794 | D:8      | Found a shimmering blue altar of Sif Muna.
  8851 | D:8      | Noticed a wind drake
  8859 | D:8      | Killed a wind drake
  8860 | D:8      | Reached skill level 9 in Fighting
  8860 | D:8      | Reached skill level 9 in Axes
  9064 | D:8      | Reached skill level 8 in Dodging
  9452 | D:9      | Noticed a white ugly thing
  9462 | D:9      | Killed a white ugly thing
  9463 | D:9      | Reached skill level 9 in Armour
  9463 | D:9      | Reached XP level 10. HP: 52/91 MP: 4/9
  9798 | D:9      | Noticed Harold
  9813 | D:9      | HP: 19/91 [Harold/+0 battleaxe (16)]
  9813 | D:9      | HP: 6/91 [Harold/+0 battleaxe (11)]
  9814 | D:9      | Mangled by Harold

Vanquished Creatures
  An ugly thing (D:9)
  Maggie (D:7)
  A wind drake (shapeshifter) (D:8)
  4 yaks (D:8)
  2 wyverns (D:9)
  A steam dragon (D:7)
  Edmund (D:6)
  2 black bears
  An orc warrior (D:9)
  2 sky beasts
  3 phantoms
  2 centaurs (D:8)
  A bullfrog (D:8)
  5 kobold brigands
  2 necrophages
  A scorpion (D:6)
  5 howler monkeys
  2 jellies
  3 hounds
  4 orc priests
  2 gnoll boudas
  An iguana (D:5)
  5 orc wizards
  9 gnolls
  6 adders
  A shadow imp (D:6)
  2 white imps
  2 worms
  2 dart slugs (D:4)
  26 orcs
  8 ball pythons
  10 bats
  7 endoplasms
  4 giant cockroaches
  8 goblins
  2 hobgoblins (D:2)
  24 kobolds
  4 quokkas
  7 frilled lizards
  10 rats
184 creatures vanquished.

Table legend:
 A = Non-vault XP
 B = Vault XP
 C = Vault XP percentage of total XP
 D = Non-vault monster count
 E = Vault monster count
 F = Vault count percentage of total count
                 A         B        C        D         E       F
            +---------+---------+-------+---------+---------+-------
      Total |    5293 |     958 |  15.3 |     149 |      35 |  19.0
            +---------+---------+-------+---------+---------+-------
        D:1 |      26 |       0 |   0.0 |      15 |       0 |   0.0
        D:2 |      28 |       9 |  24.3 |      16 |       5 |  23.8
        D:3 |     179 |       3 |   1.6 |      21 |       2 |   8.7
        D:4 |     329 |       0 |   0.0 |      15 |       0 |   0.0
        D:5 |     515 |      50 |   8.8 |      16 |       4 |  20.0
        D:6 |     652 |     153 |  19.0 |      14 |       1 |   6.7
        D:7 |     593 |     431 |  42.1 |      21 |       5 |  19.2
        D:8 |    1820 |       0 |   0.0 |      21 |       0 |   0.0
        D:9 |    1151 |       0 |   0.0 |      10 |       0 |   0.0
      Sewer |       0 |     312 | 100.0 |       0 |      18 | 100.0
            +---------+---------+-------+---------+---------+-------

Illustrated notes

Table legend:
 A = Kills in this place as a percentage of kills in entire the game.
 B = Kills by you in this place as a percentage of kills by you in the entire game.
 C = Kills by friends in this place as a percentage of kills by friends in the entire game.
 D = Other kills in this place as a percentage of other kills in the entire game.
 E = Experience gained in this place as a percentage of experience gained in the entire game.
 F = Experience gained in this place divided by the number of levels of this place that you have seen.
                   A       B       C       D       E      F
               +-------+-------+-------+-------+-------+----------------------
         Total | 100.0 | 100.0 |   N/A |   N/A | 100.0 | 625.1
       Dungeon |  90.2 |  90.2 |   N/A |   N/A |  95.0 | 659.9
         Sewer |   9.8 |   9.8 |   N/A |   N/A |   5.0 | 312.0
               +-------+-------+-------+-------+-------+----------------------

Table legend: (Time is in decaauts)
 A = Elapsed time spent in this place.
 B = Non-inter-level travel time spent in this place.
 C = Inter-level travel time spent in this place.
 D = Time resting spent in this place.
 E = Time spent auto-exploring this place.
 F = Levels seen in this place.
 G = Mean time per level.
                   A        B        C        D        E       F      G
               +--------+--------+--------+--------+--------+-----+--------+
         Total |   9977 |   9849 |    128 |   1572 |   6998 |  10 |  997.7 |
       Dungeon |   9410 |   9282 |    128 |   1544 |   6574 |   9 | 1045.6 |
         Sewer |    566 |    566 |      0 |     28 |    424 |   1 |  566.0 |
               +--------+--------+--------+--------+--------+-----+--------+

Top non-repeatable levels by time:
     D:3: 1431 daAuts
     D:1: 1272 daAuts
     D:5: 1156 daAuts
     D:2: 1138 daAuts
     D:8: 1102 daAuts
     D:7: 1085 daAuts
     D:4: 1072 daAuts
     D:6: 994 daAuts
   Sewer: 566 daAuts
     D:9: 156 daAuts
